 Dungeon Crawl Stone Soup version 0.18-a0-1-gfac8111 (webtiles) character file.

618 Ijustatesigmund the Covert (level 7, 0/41 HPs)
             Began as an Octopode Wizard on Oct 30, 2015.
             Was an Initiate of Vehumet.
             Slain by a wight
             ... wielding a +3 trident of freezing
              (2 damage)
             ... on level 6 of the Dungeon.
             The game lasted 00:33:25 (7803 turns).

Ijustatesigmund the Covert (Octopode Wizard)        Turns: 7803, Time: 00:33:27

Health: 0/41       AC:  1    Str:  6    XL:     7   Next: 45%
Magic:  8/11       EV: 12    Int: 22    God:    Vehumet [......]
Gold:   133        SH:  0    Dex: 11    Spells: 5 memorised, 2 levels left

rFire  . . .     SeeInvis .     i - +1 dagger (speed)
rCold  . . .     Clarity  .     (no shield)
rNeg   . . .     SustAt   .     a - +0 hat
rPois  .         Gourm    .     (no amulet)
rElec  .         Spirit   .     (no ring)
rCorr  .         Warding  .     (no ring)
rMut   .         Stasis   .     (no ring)
MR     .....                    (no ring)
Stlth  +++++.....               (no ring)
                                (no ring)
                                (no ring)
                                (no ring)

@: repel missiles, drained, not resistant to hostile enchantments, quite
stealthy
A: almost no armour, amphibious, 8 rings, constrict 8, camouflage 1, gelatinous
body 1
a: Renounce Religion


You were on level 6 of the Dungeon.
You worshipped Vehumet.
Vehumet was noncommittal.
You were not hungry.

You visited 2 branches of the dungeon, and saw 7 of its levels.

You collected 133 gold pieces.

Inventory:

Hand Weapons
 e - a +0 short sword
 h - a cursed -3 hand axe
 i - a +1 dagger of speed (weapon)
 n - a +3 hunting sling
 r - a +0 blowgun
 y - a cursed -1 dagger
Missiles
 p - 59 sling bullets
 s - 21 poisoned needles
Armour
 a - a +0 hat (worn)
Jewellery
 f - an uncursed amulet of stasis
Wands
 t - a wand of magic darts (33)
 w - a wand of frost (18)
Potions
 d - a potion of resistance
 j - 2 potions of might
 k - 2 potions of mutation
 o - a potion of lignification {unknown}
 q - a potion of magic
 u - a potion of cure mutation {unknown}
 x - a potion of flight {unknown}
 z - a potion of heal wounds {unknown}
 B - a potion of curing {unknown}
Books
 b - a book of Minor Magic

   Spells                             Type                      Level
   a - Magic Dart                     Conjuration                  1
   b - Blink                          Translocation                2
   c - Call Imp                       Summoning                    2
   d - Repel Missiles                 Charms/Air                   2
   e - Slow                           Hexes                        2
   f - Conjure Flame                  Conjuration/Fire             3
   g - Mephitic Cloud                 Conjuration/Poison/Air       3
 v - a book of Callings

   Spells                             Type                      Level
   a - Summon Small Mammal            Summoning                    1
   b - Call Imp                       Summoning                    2
   c - Call Canine Familiar           Summoning                    3
   d - Summon Guardian Golem          Hexes/Summoning              3
   e - Summon Lightning Spire         Summoning/Air                4
   f - Summon Ice Beast               Ice/Summoning                4
Comestibles
 c - 4 bread rations
 m - a meat ration


   Skills:
 - Level 1.2(0.5) Short Blades
 - Level 2.0(1.3) Dodging
 + Level 8.0(7.2) Stealth
 - Level 3.0(2.3) Spellcasting
 + Level 4.5(3.8) Conjurations
 - Level 1.0(0.4) Summonings
 - Level 1.0(0.4) Translocations
 - Level 2.0(1.3) Air Magic
 - Level 2.2(1.5) Poison Magic


You had 2 spell levels left.
You knew the following spells:

 Your Spells              Type           Power        Failure   Level  Hunger
a - Magic Dart            Conj           ###.         3%          1    None
b - Blink                 Tloc           N/A          21%         2    ##.....
c - Repel Missiles        Chrm/Air       #.....       17%         2    ##.....
d - Mephitic Cloud        Conj/Pois/Air  ##......     17%         3    ###....
e - Call Imp              Summ           #.......     21%         2    ##.....


Dungeon Overview and Level Annotations

Branches:
Dungeon (6/15)             Temple (1/1) D:4

Altars:
Ashenzari
Cheibriados
Dithmenos
Elyvilon
Gozag
Kikubaaqudgha
Makhleb
Nemelex Xobeh
Okawaru
Qazlal
Sif Muna
Trog
Vehumet
Xom
Yredelemnul
The Shining One

Annotations:
D:4 Duffy's ghost, amateur NaBe


Innate Abilities, Weirdness & Mutations

You cannot wear most types of armour.
You are amphibious.
You can wear up to eight rings at the same time.
You can use your tentacles to constrict eight enemies at once.
Your skin changes colour to match your surroundings (Stealth).
Your rubbery body absorbs attacks (AC +1).


Message History

You are too injured to fight recklessly!
You closely miss the wight. Your grab misses the wight.
You closely miss the wight. You grab the wight. You squeeze the wight.
The wight is moderately damaged.
You constrict the wight, but do no damage.
The wight misses you.
You hit the wight.
The wight is moderately damaged.
You constrict the wight, but do no damage.
You hit the wight.
The wight is heavily damaged.
You constrict the wight, but do no damage.
The wight barely misses you.
You completely miss the wight.
The wight is heavily damaged.
You constrict the wight, but do no damage.
The wight hits you with a trident of freezing!
* * * LOW HITPOINT WARNING * * *
The wight freezes you.
You die...

#.#### ... #....# #.#
####.# #.# ##.##.# ##.##
#...#.#########...####..
.........(...........'..
#.....#########...####..
##.#### ##z## #.# #@#
#.# #.# #.# #...# #.#
###.# #.# .# ##.# # ...#
#### #


You could see a wight.

Vanquished Creatures
  Menkaure (D:6)
  A giant frog (D:6)
  A scorpion (D:4)
  A jelly (D:6)
  2 worker ants
  An orc priest (D:6)
  A hound (D:4)
  A hound skeleton (D:6)
  4 gnolls (D:3)
  Robin (D:3)
  8 adders
  2 oozes (D:2)
  2 worms
  15 orcs
  8 bats
  2 giant cockroaches
  21 goblins
  7 hobgoblins
  6 jackals
  13 kobolds
  A quokka (D:3)
  2 giant geckos
  2 giant newts (D:3)
  14 rats
117 creatures vanquished.

Notes
Turn   | Place    | Note
--------------------------------------------------------------
     0 | D:1      | Ijustatesigmund the Octopode Wizard began the quest for the Orb.
     0 | D:1      | Reached XP level 1. HP: 11/11 MP: 4/4
   145 | D:1      | Reached XP level 2. HP: 15/17 MP: 0/6
   149 | D:1      | Learned a level 2 spell: Blink
   155 | D:1      | Learned a level 2 spell: Repel Missiles
   780 | D:1      | Reached skill level 4 in Stealth
   788 | D:1      | Reached XP level 3. HP: 21/21 MP: 2/7
   793 | D:1      | Learned a level 3 spell: Mephitic Cloud
  1245 | D:2      | Found a snail-covered altar of Cheibriados.
  1377 | D:2      | Found a shattered altar of Ashenzari.
  1635 | D:2      | Found a shimmering altar of Xom.
  1911 | D:2      | Reached XP level 4. HP: 16/27 MP: 5/8
  2638 | D:3      | Reached skill level 5 in Stealth
  2738 | D:3      | Noticed Robin
  2973 | D:4      | Noticed Duffy's ghost (amateur NaBe)
  2979 | D:3      | Reached XP level 5. HP: 16/31 MP: 3/9
  3434 | D:3      | Killed Robin
  3537 | D:3      | Reached skill level 1 in Short Blades
  3622 | D:3      | Reached skill level 1 in Poison Magic
  3880 | D:3      | Reached skill level 1 in Air Magic
  4104 | D:3      | Found a radiant altar of Vehumet.
  4213 | D:3      | Became a worshipper of Vehumet
  4217 | D:3      | Learned a level 2 spell: Call Imp
  4430 | D:3      | Reached skill level 6 in Stealth
  4691 | D:3      | Reached XP level 6. HP: 36/36 MP: 10/10
  5375 | D:5      | Entered Level 5 of the Dungeon
  5678 | D:4      | Found a staircase to the Ecumenical Temple.
  5687 | Temple   | Entered the Ecumenical Temple
  6453 | D:6      | Reached skill level 7 in Stealth
  6453 | D:6      | Reached XP level 7. HP: 30/41 MP: 11/11
  6562 | D:6      | Noticed Menkaure
  6586 | D:6      | Killed Menkaure
  6775 | D:6      | Reached skill level 8 in Stealth
  6790 | D:6      | HP: 2/41 [orc warrior/long sword (20)]
  7803 | D:6      | HP: 2/41 [wight/trident of freezing (7)]
  7803 | D:6      | Slain by a wight

Vault maps used:
D:1:      mushboom_english_gardens, minmay_misc_feat_cross
D:2:      old_standard_altar, lemuel_doored_altar, nicolae_ashenzari_panopticon,
          first_bread
D:3:      vehumet_altar_wand_db, uniq_robin
D:4:      temple_statues
D:5:      overflow_temple_1_default, minmay_divided_ellipse
D:6:      nrook_mini_vaults, uniq_prince_ribbit1, uniq_menkaure
Temple:   circular_temple_12

Action                   |  1- 3 |  4- 6 |  7- 9 || total
-------------------------+-------+-------+-------++-------
Melee: Short sword       |     6 |       |       ||     6
       Dagger            |    20 |   135 |    60 ||   215
 Cast: Magic Dart        |    68 |   118 |    17 ||   203
       Repel Missiles    |     1 |     1 |       ||     2
       Mephitic Cloud    |       |    13 |     4 ||    17
       Blink             |       |     3 |     1 ||     4
       Call Imp          |       |       |     4 ||     4
  Use: Scroll            |     8 |     3 |     1 ||    12
       Potion            |       |       |     5 ||     5
 Stab: Sleeping          |     4 |     9 |       ||    13
       Confused          |       |     2 |     1 ||     3
       Distracted        |       |     1 |       ||     1
  Eat: Chunk             |     2 |    13 |       ||    15
       Bread ration      |       |     1 |     1 ||     2
       Royal jelly       |       |     1 |       ||     1
       Beef jerky        |       |       |     1 ||     1
